 Dungeon Crawl Stone Soup version 0.31-a0-1576-ga3383bade6 (webtiles) character file.

Game seed: 14398287237507965389

845 lunkers the Cutter (level 8, 0/26 (39) HPs)
             Began as a Vine Stalker Fighter on Jan 4, 2024.
             Slain by an orc
             ... wielding a +0 hand axe
              (3 damage)
             ... on level 4 of the Dungeon.
             The game lasted 00:04:42 (2698 turns).

lunkers the Cutter (Vine Stalker Fighter)           Turns: 2698, Time: 00:04:43

HP:   0/26 (39)     AC:  7    Str: 19    XL:     8   Next: 0%
MP:   0/18          EV:  9    Int:  8    God:
Gold: 173           SH:  0    Dex: 16    Spells: 7/7 levels left

rFire   . . .        w - +2 great sword (elec)
rCold   . . .        (shield currently unavailable)
rNeg    . . .        p - +0 scale mail
rPois   .            (no helmet)
rElec   .            s - +0 cloak
rCorr   .            (no gloves)
SInv    .            (no boots)
Will    +....        l - amulet of magic regeneration Stlth
                     i - ring of magical power
HPRegen 1.04/turn    (no ring)
MPRegen 0.56/turn

%: guardian spirit
@: very heavily drained
A: fangs 3, regeneration 1, magic shield, antimagic bite, no potion heal 2
a: no special abilities


You were on level 4 of the Dungeon.
You visited 1 branch of the dungeon, and saw 4 of its levels.

You collected 173 gold pieces.

Inventory:

Hand Weapons
 a - a +0 spectral rapier
 b - a +2 dagger of protection
 w - a +2 great sword of electrocution (weapon)
 A - a +3 great sword
Armour
 c - a +0 buckler
 p - a +0 scale mail (worn)
 s - a +0 cloak (worn)
Jewellery
 e - a ring of ice
 i - a ring of magical power (left hand)
 l - an amulet of magic regeneration (around neck)
 u - a ring of wizardry
Wands
 n - a wand of iceblast (14)
Scrolls
 f - a scroll of teleportation
 g - a scroll of brand weapon
 h - 3 scrolls of identify {unknown}
 m - a scroll of enchant weapon {unknown}
 q - a scroll of immolation {unknown}
 r - 4 scrolls of enchant armour {unknown}
 v - a scroll of blinking {unknown}
 y - a scroll of vulnerability {unknown}
Potions
 d - 2 potions of might
 j - 3 potions of heal wounds {unknown}
 k - a potion of attraction {unknown}
 o - a potion of mutation {unknown}
 t - a potion of brilliance {unknown}
 x - a potion of ambrosia {unknown}
 z - a potion of resistance {unknown}
 B - a potion of curing {unknown}


   Skills:
 - Level 2.6 Fighting
 - Level 6.1(7.0) Short Blades
 + Level 5.1(6.5) Long Blades
 - Level 2.4 Armour
 - Level 2.6 Shields


You had 7 spell levels left.
You didn't know any spells.
Your spell library contained the following spells:

 Spells                   Type           Power      Damage    Failure   Level
 Ensorcelled Hibernation  Hex/Ice        0%         N/A       89%         2
 Fugue of the Fallen      Necr           0%         N/A       98%         3
 Anguish                  Hex/Necr       0%         N/A       100%        4


Dungeon Overview and Level Annotations

Branches:
Dungeon (4/15)             Temple (0/1) D:4

Altars:
Ashenzari
Makhleb

Annotations:
D:4 Edmund


Innate Abilities, Weirdness & Mutations

You have razor-sharp teeth.
Your natural rate of healing is unusually fast.
When hurt, damage is shared between your health and your magic reserves.
Your bite disrupts and absorbs the magic of your enemies.
Potions cannot restore your health.


Message History

Edmund is heavily wounded.
Edmund hits you with a +2 flail of draining.
* * * LOW HITPOINT WARNING * * *
You feel drained.
You hit Edmund but do no damage. You bite Edmund, but do no damage.
Edmund is heavily wounded.
Edmund closely misses you.
A gnoll comes into view. It is wielding a +4 spear.
The orc hits you with a +0 club.
* * * LOW MAGIC WARNING * * *
You slice Edmund!! You bite Edmund, but do no damage.
Edmund is almost dead.
The orc hits you but does no damage. Edmund hits you but does no damage.
You feel drained. The orc completely misses you.
A gnoll comes into view. It is wielding a +0 spear.
The orc closely misses you. The orc hits you but does no damage.
Edmund hits you with a +2 flail of draining!
* * * LOW MAGIC WARNING * * *
* * * LOW HITPOINT WARNING * * *
You feel drained.
* * * LOW HITPOINT WARNING * * *
You closely miss Edmund.
Edmund is almost dead.
The gnoll shouts!
The orc barely misses you. The orc hits you but does no damage.
Edmund hits you with a +2 flail of draining!
* * * LOW MAGIC WARNING * * *
* * * LOW HITPOINT WARNING * * *
You feel drained.
* * * LOW HITPOINT WARNING * * *
The orc hits you but does no damage.
Unknown command.
Unknown command.
You barely miss Edmund.
Edmund is almost dead.
A phantom comes into view.
The orc closely misses you. Edmund closely misses you.
The orc hits you but does no damage. The orc hits you with a +0 hand axe.
* * * LOW MAGIC WARNING * * *
You die...

..... ....### .### .####.. W [
.:.. #⌠.##+#..⌠... #. #.....
#............ ..g#.
..#####.......####
.g....#...#.......#... ###
#..#.#...+..._...+... ≈≈##
########.go@#...#.......#...
≈≈≈###8...8##.go@###.#........#.#
≈...##.....##..o....#.........#..
.....'..>..##.......#⌠.##+##.⌠#..
..≈≈##.....##.......##.#...####..
#≈§###8...8##..............#....<
#### ########......##..#...#.....
#############[....##.#.##+.......
............####..#.............#
............##........#÷........#


You could see Edmund, a phantom, 4 gnolls and 3 orcs.

Vanquished Creatures
  Sigmund (D:4)
  A scorpion (D:4)
  5 wights (D:4)
  A bombardier beetle (D:3)
  Crazy Yiuf (D:2)
  A hound (D:3)
  2 orc priests (D:3)
  Ijyb (D:2)
  2 iguanas
  7 adders
  3 ribbon worms
  An orc (D:3)
  4 ball pythons
  8 endoplasms
  3 giant cockroaches
  9 goblins
  4 hobgoblins
  14 jackals
  A quokka (D:2)
  5 bats
  3 frilled lizards
  6 kobolds
  7 rats
90 creatures vanquished.

Notes
Turn   | Place    | Note
-------+----------+-------------------------------------------
     0 | D:1      | lunkers the Vine Stalker Fighter began the quest for the
                  | Orb.
     0 | D:1      | Reached XP level 1. HP: 11/11 MP: 2/2
    31 | D:1      | Reached skill level 2 in Short Blades
    89 | D:1      | Reached XP level 2. HP: 16/16 MP: 3/3
   258 | D:1      | Reached skill level 3 in Short Blades
   375 | D:1      | Reached XP level 3. HP: 19/19 MP: 4/4
   603 | D:2      | Noticed Ijyb
   637 | D:2      | Killed Ijyb
   638 | D:2      | Reached XP level 4. HP: 23/23 MP: 5/5
   681 | D:2      | Found a faded altar of an unknown god.
   788 | D:2      | Reached skill level 4 in Short Blades
   931 | D:2      | Found a burning altar of Makhleb.
  1078 | D:2      | Found a runed translucent door.
  1079 | D:2      | Noticed Crazy Yiuf
  1171 | D:2      | Reached XP level 5. HP: 27/27 MP: 6/6
  1305 | D:2      | Killed Crazy Yiuf
  1439 | D:3      | Reached skill level 5 in Short Blades
  1677 | D:3      | Reached XP level 6. HP: 32/32 MP: 7/7
  1902 | D:3      | Reached skill level 6 in Short Blades
  2345 | D:4      | Noticed Sigmund
  2353 | D:4      | Killed Sigmund
  2354 | D:4      | Reached XP level 7. HP: 30/35 MP: 8/8
  2472 | D:4      | Found a staircase to the Ecumenical Temple.
  2597 | D:4      | Reached skill level 5 in Long Blades
  2626 | D:4      | Gained mutation: You have razor-sharp teeth. [Vine Stalker
                  | growth]
  2626 | D:4      | Reached XP level 8. HP: 39/39 MP: 9/9
  2675 | D:4      | Found a broken altar of Ashenzari.
  2688 | D:4      | Noticed Edmund
  2697 | D:4      | HP: 1/26 [Edmund/+2 flail of draining (1)]
  2698 | D:4      | Slain by an orc

Illustrated notes

Levels and vault maps discovered:
D:1:      scummos_arrival_checkerplants, layout_loops_ring
D:2:      kennysheep_the_goblin_king, layout_basic,
          hellmonk_ecumenical_altar_crossroads, basic_altar,
          uniq_crazy_yiuf_cottage
D:3:      layout_basic, roderic_nine_men_s_morris, minmay_curled_crystal
D:4:      layout_cave_pools, evilmike_ruin_ashenzari, minmay_temple_entry_fiery,
          uniq_sigmund, uniq_edmund

Skill      XL: |  1  2  3  4  5  6  7 |
---------------+----------------------+-----
Short Blades   | 2 3 4 5 6 |  6.1
Long Blades    | 2 5 |  5.1
Fighting       | |  2.6
Armour         | |  2.4
Shields        | |  2.6

Action                     |  1- 3 |  4- 6 |  7- 9 || total
---------------------------+-------+-------+-------++-------
  Melee: Rapier            |   102 |    38 |       ||   140
         Bite              |    34 |    60 |     7 ||   101
         Dagger            |       |   159 |       ||   159
         Great sword       |       |     7 |    29 ||    36
    Use: Scroll            |       |     2 |       ||     2
 Armour: Scale mail        |    58 |    91 |    36 ||   185
  Dodge: Dodged            |    40 |    68 |    16 ||   124
  Block: Buckler           |    19 |    43 |       ||    62

Table legend: (Time is in decaauts)
 A = Elapsed time spent in this place.
 B = Non-inter-level travel time spent in this place.
 C = Inter-level travel time spent in this place.
 D = Time resting spent in this place.
 E = Time spent auto-exploring this place.
 F = Levels seen in this place.
 G = Mean time per level.
                   A        B        C        D        E       F      G
               +--------+--------+--------+--------+--------+-----+--------+
         Total |   2688 |   2598 |     90 |      0 |   1952 |   4 |  672.0 |
       Dungeon |   2688 |   2598 |     90 |      0 |   1952 |   4 |  672.0 |
               +--------+--------+--------+--------+--------+-----+--------+

Top non-repeatable levels by time:
     D:3: 943 daAuts
     D:2: 790 daAuts
     D:1: 568 daAuts
     D:4: 385 daAuts
